Map: Pylon LE

Players

Elly - Winner!

  • Race: Zerg Zerg
  • League: Platinum
  • Spawn Location: 11:00

LigerMaNN

  • Race: Zerg Zerg
  • League: Diamond
  • Spawn Location: 5:00

VOD

Have the link to the VOD?

Description

Time

  • Played on: June 26, 2025, 4:02 a.m.
  • Length: 7:33
Show
View Real Time Build Order
Export as new Build Order

Elly Zerg - Winner!

Build Orders: Hatch First 

Get SALT Encoding   

  12  0:00  Drone  
  13  0:12  Overlord  
  13  0:18  Drone  
  14  0:31  Drone x2  
  16  0:46  Hatchery  
  15  0:50  Drone  
  15  0:53  Drone  
  18  0:57  Drone  
  18  1:10  Spawning Pool  
  17  1:11  Extractor  
  17  1:17  Drone  
  17  1:18  Drone  
  18  1:28  Drone  
  19  1:41  Drone  
  20  1:50  Drone  
  21  1:57  Queen  
  21  1:58  Queen  
  21  1:59  Zergling x2  
  26  2:01  Overlord  
  26  2:12  Drone  
  26  2:13  Drone, Metabolic Boost  
  28  2:21  Drone  
  29  2:30  Hatchery  
  28  2:41  Drone x2  
  28  2:43  Zergling x6  
  33  2:51  Baneling Nest  
  32  3:03  Zergling x2  
  32  3:04  Zergling x4  
  35  3:09  Spine Crawler  
  34  3:18  Drone  
  34  3:19  Overlord  
  35  3:21  Overlord  
  35  3:24  Overlord  
  35  3:34  Baneling x2  
  35  3:36  Baneling x2  
  35  3:42  Drone x5  
  38  3:57  Zergling x12  
  38  3:58  Zergling x4  
  45  4:22  Lair  
  45  4:23  Drone  
  45  4:24  Drone x9  
  52  4:25  Extractor  
  52  4:27  Extractor  
  52  4:30  Baneling  
  52  4:31  Baneling  
  48  4:43  Drone x5  
  48  4:44  Drone  
  54  4:54  Zergling x12  
  58  5:13  Drone x3  
  61  5:16  Queen  
  61  5:20  Extractor  
  62  5:26  Overlord x3  
  62  5:27  Overlord  
  62  5:32  Zergling x6  
  62  5:33  Roach Warren  
  62  5:35  Queen  
  60  5:36  Evolution Chamber, Queen  
  63  5:57  Drone x11  
  63  6:00  Baneling x2  
  63  6:01  Baneling x2  
  69  6:32  Roach x9  
  81  6:33  Roach x2  
  80  6:55  Drone x3  
  80  6:56  Drone, Evolution Chamber  
  83  7:10  Zergling x2  
  83  7:12  Roach x2  
  83  7:13  Overlord, Roach  
  83  7:14  Overlord  
Show
View Real Time Build Order
Export as new Build Order

LigerMaNN Zerg 

Build Orders: Hatch First, Zergling Baneling 

Get SALT Encoding   

  12  0:01  Drone  
  13  0:15  Overlord  
  13  0:18  Drone  
  14  0:33  Drone x2  
  16  0:37  Drone  
  17  0:51  Hatchery  
  17  0:53  Drone  
  17  0:58  Drone  
  18  1:07  Extractor  
  17  1:16  Spawning Pool  
  17  1:17  Drone  
  17  1:20  Drone  
  18  1:30  Drone  
  19  1:47  Overlord  
  19  2:04  Zergling x6  
  19  2:06  Queen  
  19  2:07  Queen  
  26  2:13  Metabolic Boost  
  26  2:16  Drone x2  
  28  2:24  Drone  
  29  2:57  Baneling Nest  
  28  2:59  Hatchery  
  28  3:05  Zergling x2  
  28  3:07  Overlord x2  
  28  3:18  Overlord  
  28  3:19  Overlord  
  28  3:40  Zergling x18  
  35  3:57  Zergling x8  
  35  4:00  Baneling x2  
  35  4:01  Baneling  
  38  4:05  Queen  
  31  4:20  Zergling x12  
  30  4:40  Baneling x2  
  30  4:41  Baneling x4  
  30  4:43  Zergling x8  
  30  4:45  Zergling x2  
  28  5:16  Drone  
  28  5:17  Drone x5  
  28  5:20  Queen  
  36  5:36  Extractor  
  36  5:44  Hatchery  
  35  5:56  Zergling x16  
  43  6:12  Drone x3  
  45  6:21  Drone x4  
  33  6:35  Drone  
  34  6:42  Drone, Evolution Chamber  
  34  6:43  Drone, Evolution Chamber  
  34  6:44  Roach Warren  
  30  6:56  Drone x3  
  30  7:00  Drone  
  34  7:01  Drone  
  34  7:06  Baneling  
  35  7:14  Drone x3  
  38  7:18  Extractor  
  38  7:20  Drone x3  
  38  7:21  Drone  
  41  7:29  Extractor  
  43  7:30  Extractor  
Tags
 
Matchup
ZvZ
Race
Zerg
Replay Pack
June 2025
Spawn Locations
Cross Positions
Add a new tag
Caveats
  • Supply blocks, unpowered buildings, or Contaminate may cause inaccurate times.
  • Supply counts are checked every 10 seconds.